Map: Green Acres

Players

A.I. 3 (Easy)

  • Race: Zerg Zerg
  • Spawn Location: 7:00

A.I. 2 (Easy)

  • Race: Zerg Zerg
  • Spawn Location: 9:00

A.I. 1 (Easy)

  • Race: Zerg Zerg
  • Spawn Location: 6:00

larsgj - Winner!

  • Race: Terran Terran
  • Spawn Location: 3:00

VOD

Have the link to the VOD?

Description

Time

  • Played on: Dec. 23, 2022, 3:43 p.m.
  • Length: 26:20
Show
View Real Time Build Order
Export as new Build Order

A.I. 3 (Easy) Zerg 

Build Orders: Pool First 

Get SALT Encoding   

  12  0:01  Drone  
  13  0:12  Overlord  
  13  0:17  Drone  
  14  0:30  Drone  
  14  0:34  Drone  
  16  0:43  Spawning Pool  
  16  0:45  Drone  
  16  0:48  Extractor  
  15  0:51  Drone  
  16  0:59  Overlord  
  16  1:31  Queen, Zergling x2  
  19  1:34  Roach Warren  
  19  1:36  Extractor  
  19  1:37  Zergling x2  
  19  1:38  Drone  
  19  1:43  Drone  
  20  1:52  Zergling x2  
  21  2:03  Zergling x2  
  22  2:14  Zergling x2  
  23  2:24  Zergling x2  
  24  2:35  Overlord  
  24  2:38  Zergling x2  
  24  2:39  Drone  
  26  2:45  Zergling x2  
  26  2:47  Drone  
  28  2:57  Drone  
  29  3:08  Drone  
  29  3:12  Drone  
  31  3:13  Overlord  
  31  3:17  Drone  
  32  5:35  Roach, Drone, Lair, Overlord  
  35  5:39  Drone  
  36  5:52  Roach  
  36  5:53  Drone  
  39  6:09  Roach  
  33  6:27  Roach  
  35  6:33  Overseer  
  35  6:34  Overseer  
  35  6:37  Hydralisk Den  
  35  6:38  Drone  
  35  6:44  Zergling x2  
  36  7:08  Hydralisk  
  36  7:15  Hatchery  
  37  7:26  Hydralisk  
  39  8:27  Drone  
  39  8:31  Drone  
  41  8:36  Drone  
  41  8:41  Drone  
  43  8:45  Drone  
  44  8:49  Drone  
  44  8:53  Extractor, Drone  
  45  8:57  Extractor  
  45  8:58  Drone  
  45  9:02  Drone  
  46  9:07  Drone  
  47  9:11  Drone  
  47  9:15  Drone  
  49  9:20  Drone  
  51  9:24  Drone  
  51  9:28  Drone  
  52  9:33  Drone  
  52  9:35  Overlord  
  52  9:37  Drone  
  54  9:42  Drone  
  55  9:46  Drone  
  55  9:50  Drone  
  57  9:55  Drone  
  58  10:00  Drone, Pneumatized Carapace  
  58  10:02  Overlord, Overseer, Infestation Pit  
  58  10:05  Drone, Evolution Chamber  
  58  10:09  Drone  
  59  10:20  Drone  
  60  10:21  Overlord  
  60  10:25  Drone  
  61  10:29  Zergling x2  
  61  10:30  Zerg Melee Weapons Level 1  
  55  10:38  Overseer  
  49  10:43  Roach  
  53  10:57  Roach  
  53  11:10  Roach  
  55  11:24  Roach  
  57  11:37  Infestor  
  59  11:51  Infestor  
  61  12:05  Infestor  
  63  12:18  Infestor  
  65  12:25  Zerg Ground Armor Level 1  
  65  13:30  Overseer  
  65  13:31  Overlord  
  65  13:49  Hatchery  
  64  14:19  Zerg Missile Weapons Level 1  
  64  14:25  Hydralisk  
  64  14:26  Overlord, Hive  
  64  14:30  Spire  
  65  14:46  Overlord, Zergling x2  
  55  14:57  Overseer  
  55  14:59  Hydralisk  
  51  15:04  Overlord  
  51  15:07  Overseer  
  51  15:23  Drone, Overlord  
  51  15:27  Drone  
  53  15:29  Extractor  
  53  15:31  Drone  
  53  15:35  Extractor  
  52  15:36  Drone  
  52  15:40  Ultralisk Cavern  
  52  15:41  Drone  
  52  15:42  Zerg Flyer Armor Level 1  
  53  15:45  Drone  
  53  15:48  Overlord  
  54  15:50  Drone  
  54  15:54  Drone  
  56  15:59  Drone  
  57  16:12  Zerg Ground Armor Level 2  
  57  16:28  Ultralisk  
  63  16:37  Overseer  
  63  16:38  Overlord  
  63  16:41  Ultralisk  
  69  16:54  Ultralisk  
  75  17:36  Zerg Flyer Weapons Level 1  
  75  18:28  Zerg Missile Weapons Level 2  
  75  19:48  Overseer  
  75  19:49  Overlord, Zergling x2  
  75  19:50  Overseer  
  59  20:02  Hydralisk  
  55  20:08  Overlord  
  55  20:17  Ultralisk  
  60  20:28  Overlord  
  60  20:31  Ultralisk  
  66  20:35  Overlord  
  64  20:46  Hydralisk  
  64  20:48  Hatchery  
  65  20:55  Overlord  
  63  21:01  Ultralisk  
  65  21:09  Overlord  
  64  21:11  Evolution Chamber  
  64  21:17  Overlord  
  53  21:22  Overlord  
  53  21:27  Overlord  
  53  21:32  Overlord  
  53  21:44  Spawning Pool  
  46  21:51  Overlord  
  46  21:53  Evolution Chamber  
  45  22:03  Drone  
  45  22:07  Drone  
  47  22:12  Drone  
  47  22:14  Overlord  
  48  22:16  Drone  
  48  22:20  Drone  
  50  22:28  Extractor  
  49  22:31  Extractor, Drone  
  49  22:33  Queen, Lair  
  49  22:34  Zergling x2  
  49  22:35  Drone  
  53  22:58  Zergling x2  
  55  23:12  Zergling x2  
  55  23:25  Drone  
  53  23:27  Zergling x2  
  53  23:29  Drone  
  53  23:32  Overseer  
  49  23:35  Spire, Drone  
  49  23:36  Overseer  
  49  23:38  Infestation Pit, Overseer  
  49  23:40  Drone  
  43  23:42  Zergling x2  
  43  23:46  Drone  
  40  23:50  Drone  
  40  23:55  Drone  
  36  23:56  Zergling x2  
  36  24:00  Drone  
  36  24:04  Drone  
  36  24:09  Drone  
  38  24:13  Drone  
  38  24:15  Hive  
  38  24:16  Overseer  
  38  24:18  Drone  
  38  24:22  Drone  
  39  24:26  Drone  
  39  24:31  Drone  
  40  24:35  Drone  
  40  24:36  Overlord  
  41  24:40  Drone  
  39  24:45  Drone  
  39  24:52  Overlord  
  38  24:58  Corruptor, Overseer  
  38  25:04  Evolution Chamber  
  37  25:12  Overlord  
  37  25:19  Overlord  
  31  25:29  Hatchery  
  30  25:38  Overlord  
  30  25:42  Overseer  
  25  25:46  Drone  
  19  25:50  Drone  
  19  25:55  Drone  
  5  25:59  Drone  
  5  26:00  Overlord  
  5  26:03  Hatchery  
  2  26:04  Drone  
Show
View Real Time Build Order
Export as new Build Order

A.I. 2 (Easy) Zerg 

Build Orders: Pool First 

Get SALT Encoding   

  12  0:01  Drone  
  13  0:12  Overlord  
  13  0:17  Drone  
  14  0:30  Drone  
  14  0:35  Drone  
  16  0:43  Spawning Pool  
  16  0:45  Drone  
  16  0:48  Extractor  
  15  0:51  Drone  
  16  0:59  Overlord  
  16  1:31  Queen, Zergling x2  
  16  1:32  Roach Warren  
  18  1:34  Extractor  
  18  1:36  Drone  
  18  1:42  Drone  
  18  1:43  Zergling x2  
  20  2:04  Overlord  
  20  2:13  Roach  
  22  2:18  Drone  
  23  2:25  Drone  
  24  2:35  Drone  
  25  2:38  Roach  
  25  2:40  Drone  
  28  2:44  Drone  
  28  2:49  Drone  
  30  2:57  Overlord  
  30  3:09  Roach  
  32  5:16  Drone, Lair  
  32  5:17  Roach, Overlord  
  32  5:21  Drone  
  36  5:25  Drone  
  37  5:30  Drone  
  37  5:57  Zergling x2  
  31  6:15  Roach, Overseer x2  
  31  6:16  Hydralisk Den  
  32  6:32  Roach  
  34  6:44  Hatchery  
  34  6:45  Drone  
  34  6:49  Roach  
  36  7:05  Hydralisk  
  38  7:23  Hydralisk  
  40  7:57  Drone  
  41  8:01  Drone  
  42  8:06  Drone  
  42  8:10  Drone  
  42  8:11  Extractor  
  43  8:14  Drone  
  43  8:15  Extractor  
  43  8:19  Drone  
  44  8:24  Drone  
  45  8:28  Drone  
  45  8:32  Drone  
  47  8:37  Drone  
  47  8:41  Drone  
  49  8:45  Drone  
  50  8:50  Drone  
  50  8:54  Drone  
  52  8:58  Drone  
  52  9:00  Overlord  
  54  9:02  Drone  
  54  9:07  Drone  
  55  9:11  Drone  
  55  9:15  Drone  
  57  9:20  Drone  
  58  9:24  Drone  
  58  9:28  Drone  
  60  9:41  Pneumatized Carapace  
  60  9:42  Overseer  
  60  9:43  Roach, Overlord  
  60  9:45  Evolution Chamber  
  61  9:46  Drone  
  61  9:52  Hydralisk  
  64  10:10  Zergling x2  
  64  10:12  Zerg Melee Weapons Level 1  
  64  10:20  Roach  
  58  10:26  Overlord, Overseer  
  54  10:30  Roach  
  56  10:40  Roach  
  58  10:50  Hydralisk  
  60  11:00  Roach  
  62  11:10  Hydralisk  
  64  12:06  Zerg Missile Weapons Level 1  
  64  13:11  Hatchery  
  63  13:28  Roach, Overlord  
  63  13:31  Infestation Pit  
  63  13:33  Spire  
  63  13:35  Hydralisk  
  64  13:57  Zergling x2  
  64  14:00  Zerg Melee Weapons Level 2  
  64  14:02  Overseer  
  49  14:03  Overlord  
  49  14:04  Hydralisk, Overseer  
  51  14:11  Hydralisk  
  53  14:19  Roach  
  53  14:21  Overlord  
  55  14:24  Drone  
  55  14:25  Hydralisk  
  55  14:29  Drone  
  59  14:33  Roach, Drone  
  59  14:38  Drone  
  63  14:39  Extractor  
  63  14:41  Roach  
  63  14:43  Drone  
  63  14:44  Extractor  
  64  14:45  Zerg Flyer Weapons Level 1  
  64  14:47  Drone  
  64  14:48  Roach  
  64  14:52  Drone  
  68  14:55  Roach  
  68  14:56  Drone  
  71  15:01  Drone  
  71  15:02  Infestor  
  71  15:05  Drone  
  75  15:10  Infestor  
  77  16:16  Zerg Ground Armor Level 1  
  77  16:40  Zerg Flyer Armor Level 1  
  77  17:09  Overlord, Hive  
  77  17:27  Overlord  
  77  17:36  Zergling x2  
  77  17:37  Overseer  
  53  17:44  Overseer  
  53  17:46  Overlord  
  53  17:50  Hydralisk  
  55  18:05  Hydralisk  
  55  18:10  Zerg Missile Weapons Level 2  
  57  18:25  Ultralisk Cavern  
  55  18:41  Zergling x2  
  54  18:55  Hydralisk  
  56  19:14  Ultralisk  
  62  19:28  Ultralisk  
  68  19:41  Hatchery  
  68  19:42  Ultralisk  
  73  20:20  Overlord, Overseer  
  73  20:25  Zerg Ground Armor Level 2  
  73  20:39  Hydralisk  
  73  20:54  Roach  
  73  20:56  Drone, Overlord  
  76  20:59  Extractor  
  76  21:00  Roach, Drone  
  76  21:03  Extractor  
  77  21:04  Drone  
  77  21:06  Roach  
  77  21:09  Drone  
  81  21:12  Roach  
  81  21:15  Overlord  
  81  21:18  Roach  
  85  21:24  Roach  
  87  21:30  Roach  
  86  21:35  Roach  
  88  21:41  Hydralisk  
  88  21:46  Hydralisk  
  90  21:53  Zergling x2  
  93  21:59  Hydralisk  
  95  22:06  Overlord  
  90  22:09  Drone  
  90  22:13  Overseer  
  90  22:14  Hydralisk, Overseer  
  90  22:15  Drone  
  80  22:20  Drone  
  69  22:24  Drone  
  69  22:29  Drone, Zergling x2  
  72  22:33  Drone  
  71  22:38  Drone  
  71  22:42  Drone  
  71  22:44  Mutalisk  
  66  22:46  Drone  
  66  22:48  Queen  
  66  22:49  Hydralisk  
  66  22:51  Drone  
  67  22:55  Drone  
  65  22:59  Drone  
  65  23:00  Overseer  
  65  23:04  Drone  
  65  23:05  Roach  
  62  23:09  Drone, Overseer  
  62  23:11  Roach  
  45  23:13  Drone  
  45  23:17  Roach  
  45  23:18  Drone, Overseer  
  45  23:19  Overlord  
  25  23:22  Drone  
  25  23:23  Roach, Overseer  
  25  23:26  Drone  
  15  23:29  Roach  
  15  23:31  Drone  
  15  23:34  Roach  
  15  23:35  Drone  
  15  23:38  Overlord  
  15  23:39  Hydralisk, Drone  
  12  23:48  Roach  
  12  23:54  Drone  
  7  23:58  Drone  
  7  24:02  Overlord  
  4  24:10  Drone  
Show
View Real Time Build Order
Export as new Build Order

A.I. 1 (Easy) Zerg 

Build Orders: Pool First 

Get SALT Encoding   

  12  0:01  Drone  
  13  0:12  Overlord  
  13  0:17  Drone  
  14  0:30  Drone  
  14  0:35  Drone  
  16  0:43  Spawning Pool  
  16  0:45  Extractor  
  16  0:46  Drone  
  15  0:51  Drone  
  16  0:59  Overlord  
  16  1:31  Zergling x2  
  16  1:32  Queen, Roach Warren  
  18  1:35  Drone  
  18  1:39  Extractor  
  18  1:42  Drone  
  18  1:43  Zergling x2  
  20  2:03  Overlord  
  20  2:12  Roach  
  22  2:17  Drone  
  23  2:25  Drone  
  24  2:35  Drone  
  25  2:39  Roach  
  25  2:40  Drone  
  28  2:44  Drone  
  28  2:48  Drone  
  30  2:58  Overlord  
  30  3:09  Roach  
  32  5:18  Drone  
  32  5:19  Zergling x2, Lair  
  32  5:20  Overlord  
  34  5:23  Drone  
  34  5:27  Drone  
  36  5:31  Zergling x2  
  37  5:56  Zergling x2  
  32  6:08  Zergling x2  
  31  6:18  Spire, Overseer  
  30  6:19  Drone, Overseer  
  31  6:44  Hatchery  
  30  7:30  Mutalisk  
  32  7:42  Mutalisk  
  34  7:55  Mutalisk  
  34  7:57  Drone  
  37  8:02  Drone  
  38  8:06  Drone  
  38  8:11  Drone  
  40  8:14  Extractor  
  40  8:15  Drone  
  40  8:17  Extractor  
  40  8:19  Drone  
  40  8:24  Drone  
  41  8:28  Drone  
  41  8:33  Drone  
  43  8:37  Drone  
  44  8:41  Drone  
  44  8:46  Drone  
  46  8:50  Drone  
  46  8:55  Drone  
  48  8:59  Drone  
  49  9:03  Drone  
  49  9:08  Drone  
  51  9:12  Drone  
  51  9:16  Drone  
  53  9:18  Overlord  
  53  9:21  Drone  
  54  9:25  Drone  
  54  9:29  Drone  
  56  9:34  Roach, Drone  
  56  9:35  Pneumatized Carapace, Overseer  
  56  9:36  Overlord  
  56  9:37  Evolution Chamber  
  58  9:50  Roach  
  58  9:51  Infestation Pit  
  59  9:55  Overlord, Drone  
  59  9:59  Drone  
  57  10:05  Roach  
  57  10:06  Zerg Melee Weapons Level 1  
  53  10:20  Roach  
  55  10:27  Overseer  
  55  10:35  Infestor  
  57  10:50  Infestor  
  59  11:05  Zergling x2  
  60  11:20  Infestor  
  62  11:35  Infestor  
  64  12:00  Zerg Missile Weapons Level 1  
  64  13:13  Hatchery  
  63  13:32  Overlord, Overseer  
  63  13:55  Zerg Ground Armor Level 1  
  63  14:09  Zergling x2  
  64  14:11  Overlord, Zerg Flyer Weapons Level 1  
  64  14:14  Zergling x2  
  65  14:17  Mutalisk  
  65  14:22  Mutalisk  
  69  14:27  Zergling x2  
  70  14:32  Zergling x2  
  70  14:33  Overlord  
  70  14:36  Mutalisk  
  70  14:38  Overseer  
  73  14:40  Mutalisk  
  73  14:42  Extractor  
  74  14:47  Extractor  
  74  14:48  Zergling x2  
  74  14:50  Overseer  
  66  14:53  Zergling x2  
  66  14:55  Overlord  
  66  14:58  Zergling x2  
  66  14:59  Drone  
  60  15:03  Drone, Zergling x2  
  60  15:07  Mutalisk  
  62  15:08  Drone  
  62  15:11  Mutalisk  
  62  15:13  Drone  
  68  15:14  Overlord  
  68  15:16  Mutalisk  
  68  15:18  Drone  
  68  15:20  Mutalisk  
  73  15:24  Drone  
  73  15:25  Zergling x2  
  75  15:29  Drone  
  75  15:30  Zergling x2  
  75  15:33  Drone  
  78  15:48  Zerg Missile Weapons Level 2  
  78  16:05  Zerg Flyer Armor Level 1  
  78  16:48  Overlord, Overseer  
  78  18:08  Corruptor  
  78  18:09  Overlord  
  80  18:21  Lair  
  80  18:23  Roach  
  79  18:28  Overlord  
  81  18:37  Evolution Chamber  
  81  18:40  Spawning Pool  
  77  18:47  Overlord  
  55  19:14  Hatchery  
  54  19:28  Queen  
  56  19:37  Roach Warren  
  56  19:38  Overseer  
  55  19:39  Overseer  
  55  19:40  Spire, Overlord  
  55  19:42  Zergling x2  
  55  19:43  Infestation Pit  
  44  20:03  Hatchery  
  44  20:05  Drone  
  44  20:20  Hive  
  44  20:27  Zergling x2  
  45  20:29  Overseer  
  45  20:32  Drone  
  43  20:36  Drone  
  43  20:37  Overlord  
  43  20:42  Roach  
  46  20:44  Evolution Chamber  
  45  20:56  Zergling x2  
  46  21:04  Hatchery  
  46  21:10  Roach  
  47  21:11  Zerg Ground Armor Level 2  
  47  21:16  Drone  
  47  21:18  Extractor  
  47  21:21  Drone  
  47  21:23  Extractor  
  48  21:25  Drone, Corruptor  
  48  21:32  Drone  
  51  21:36  Drone  
  52  21:41  Extractor  
  52  21:42  Greater Spire, Corruptor  
  52  21:43  Extractor  
  52  21:47  Drone  
  52  21:53  Overseer  
  53  21:57  Overlord, Zergling x2  
  53  21:59  Drone  
  55  22:08  Mutalisk  
  55  22:12  Overseer  
  57  22:18  Overlord  
  57  22:24  Roach  
  58  22:35  Mutalisk  
  58  22:36  Drone, Overlord  
  61  22:41  Drone  
  62  22:45  Drone  
  62  22:46  Mutalisk  
  65  22:53  Zerg Flyer Armor Level 2  
  65  22:54  Overseer  
  65  22:55  Overlord  
  65  22:58  Mutalisk  
  65  23:01  Drone  
  67  23:09  Mutalisk  
  69  23:13  Drone, Overlord  
  69  23:17  Drone  
  71  23:21  Mutalisk  
  71  23:22  Drone  
  71  23:26  Drone  
  74  23:31  Drone  
  74  23:32  Mutalisk  
  70  23:35  Drone  
  70  23:40  Drone  
  62  23:44  Mutalisk  
  62  23:45  Drone  
  54  23:49  Drone  
  54  23:53  Drone  
  51  23:55  Mutalisk  
  51  23:58  Drone  
  50  24:02  Drone  
  50  24:07  Drone, Mutalisk  
  51  24:11  Drone  
  51  24:14  Hatchery  
  38  24:18  Drone  
  38  24:19  Mutalisk, Spawning Pool  
  38  24:22  Drone  
  23  24:26  Drone  
  23  24:30  Mutalisk  
  23  24:31  Drone, Overseer  
  8  24:41  Drone  
  8  24:42  Mutalisk  
  8  24:43  Overseer  
  7  24:48  Drone  
  7  24:50  Overseer  
  6  24:53  Drone, Mutalisk  
  6  24:57  Drone  
  7  25:02  Drone  
  7  25:05  Corruptor  
  7  25:07  Drone, Overseer  
Show
View Real Time Build Order
Export as new Build Order

larsgj Terran - Winner!

Build Orders:  

Get SALT Encoding   

  12  0:00  SCV  
  13  0:12  SCV  
  14  0:24  SCV, Supply Depot  
  15  0:45  Refinery  
  15  0:47  Refinery  
  15  0:53  Barracks  
  15  0:58  SCV  
  16  1:10  SCV  
  17  1:18  Engineering Bay  
  17  1:22  SCV  
  18  1:34  SCV  
  19  1:43  Marine  
  19  1:46  SCV  
  21  1:56  Terran Infantry Weapons Level 1, Supply Depot  
  21  2:09  SCV  
  22  2:15  Marine  
  22  2:21  SCV  
  24  2:28  Bunker  
  24  2:33  Marine, SCV  
  26  2:51  Marine  
  26  2:52  Supply Depot  
  26  2:57  Orbital Command  
  27  3:09  Marine  
  28  3:27  Marine  
  28  3:29  Bunker  
  29  3:34  Command Center  
  29  3:44  Marine  
  30  3:51  SCV  
  31  4:02  Marine  
  31  4:06  Bunker  
  32  4:11  Bunker  
  32  4:20  Marine  
  33  4:29  Barracks  
  33  4:38  Marine  
  35  5:00  Barracks Tech Lab  
  34  5:08  Terran Infantry Armor Level 1  
  34  5:17  Factory  
  34  5:18  Barracks Reactor  
  34  5:21  Combat Shield  
  34  5:24  Marauder  
  36  5:37  SCV  
  37  5:46  Marauder  
  37  5:49  SCV  
  39  6:01  SCV  
  39  6:07  Marauder  
  40  6:13  SCV  
  41  6:25  SCV  
  42  6:26  Bunker  
  42  6:28  Marauder  
  44  6:43  Marine x2  
  46  6:47  SCV  
  46  6:50  Marauder  
  46  6:52  Refinery  
  49  6:56  Refinery  
  49  6:59  SCV  
  49  7:01  Marine x2  
  51  7:03  Hi-Sec Auto Tracking  
  51  7:07  Starport  
  52  7:11  Marauder  
  54  7:39  Supply Depot  
  54  7:57  Marine x3  
  54  7:58  SCV  
  58  7:59  Starport  
  58  8:00  Neosteel Armor  
  58  8:01  Starport Tech Lab, Supply Depot  
  58  8:09  Fusion Core  
  58  8:10  SCV  
  58  8:12  Armory  
  59  8:22  SCV  
  59  8:23  Supply Depot  
  60  8:28  Missile Turret  
  60  8:46  Supply Depot  
  60  8:49  Missile Turret  
  60  8:57  Orbital Command  
  60  9:02  Starport Tech Lab  
  60  9:09  Supply Depot  
  60  9:10  Missile Turret  
  60  9:26  Battlecruiser  
  60  9:31  Missile Turret  
  66  9:33  SCV, Supply Depot  
  67  9:45  SCV  
  68  9:51  Missile Turret  
  68  9:56  Supply Depot  
  68  9:57  SCV  
  69  10:09  SCV  
  70  10:21  SCV  
  71  10:37  Battlecruiser x2  
  83  11:09  Terran Ship Weapons Level 1  
  83  11:33  Terran Infantry Weapons Level 2  
  83  11:44  Command Center  
  95  12:01  Starport  
  95  12:03  Battlecruiser x2  
  95  12:13  Missile Turret  
  95  12:33  Missile Turret  
  95  12:39  Starport Tech Lab  
  95  12:54  Refinery  
  95  12:55  Missile Turret  
  95  12:59  SCV  
  95  13:01  Refinery  
  95  13:03  Terran Vehicle And Ship Armor Level 1  
  96  13:07  Battlecruiser x2  
  109  13:16  Missile Turret  
  109  13:32  SCV  
  109  13:36  Missile Turret  
  109  13:39  Battlecruiser  
  115  13:44  SCV  
  116  13:49  Terran Infantry Armor Level 2  
  116  13:56  SCV, Missile Turret  
  117  14:08  SCV  
  118  14:17  Weapon Refit, Missile Turret  
  118  15:00  Battlecruiser x2  
  118  15:01  Battlecruiser  
  136  15:18  Terran Ship Weapons Level 2  
  136  15:59  Orbital Command  
  136  16:04  Battlecruiser  
  142  16:55  Missile Turret  
  142  17:16  Missile Turret  
  142  17:34  Terran Vehicle And Ship Armor Level 2  
  142  17:36  Missile Turret  
  141  17:57  Missile Turret  
  141  18:18  Missile Turret  
  141  18:38  Missile Turret  
  141  18:59  Missile Turret  
  141  19:17  Battlecruiser  
  147  19:26  Battlecruiser  
  147  19:30  Supply Depot  
  153  19:52  Battlecruiser  
  159  19:54  Supply Depot  
  159  20:17  Supply Depot  
  159  20:22  Battlecruiser  
  165  20:31  Battlecruiser  
  171  20:39  Supply Depot  
  171  20:56  Battlecruiser  
  177  21:01  Supply Depot  
  177  21:26  Battlecruiser  
  183  21:35  Battlecruiser  
  189  22:01  Battlecruiser  
Tags
 
Add a new tag
Caveats
  • Supply blocks, unpowered buildings, or Contaminate may cause inaccurate times.
  • Supply counts are checked every 10 seconds.